 Dungeon Crawl Stone Soup version 0.29-a0-207-gf982a884d8 (webtiles) character file.

Game seed: 9410904570409096777

76 spaghetti the Shooter (level 4, 0/33 HPs)
             Began as a Demonspawn Hunter on Feb 24, 2022.
             Slain by an adder (1 damage)
             ... while paralysed by Grinder
             ... on level 3 of the Dungeon.
             The game lasted 00:04:40 (2170 turns).

spaghetti the Shooter (Demonspawn Hunter)           Turns: 2170, Time: 00:04:40

Health: 0/33       AC: 13    Str: 18 (20) XL:     4   Next: 12%
Magic:  4/4        EV:  2    Int: 12 (13) God:
Gold:   121        SH:  0    Dex: 10 (13) Spells: 3/3 levels left

rFire   . . .      SeeInvis .   a - +0 mace {mace}
rCold   . . .      Faith    .   (no shield)
rNeg    . . .      Spirit   .   d - +0 scale mail
rPois   .          Reflect  .   (no helmet)
rElec   .          Harm     .   (no cloak)
rCorr   .          Rampage  .   B - +0 pair of gloves
Will    .....                   (no boots)
Stlth   ..........              (no amulet)
HPRegen 0.11/turn               p - +4 ring of protection
MPRegen 0.09/turn               x - +6 ring of strength

@: paralysed, attractive
A: slimy green scales 1, foul stench 1
a: no special abilities


You were on level 3 of the Dungeon.
You visited 1 branch of the dungeon, and saw 3 of its levels.

You collected 121 gold pieces.


Innate Abilities, Weirdness & Mutations

You are partially covered in slimy green scales. (AC +2)
You may rarely emit foul miasma when damaged in melee.


   Skills:
 - Level 2.0 Fighting
 + Level 5.2 Bows
 - Level 1.7 Dodging
 - Level 0.8 Stealth


You had 3 spell levels left.
You didn't know any spells.
Your spell library contained the following spells:

 Spells                   Type           Power      Damage    Failure   Level
 Freezing Cloud           Conj/Ice/Air   0%         6-21      100%        5
 Simulacrum               Ice/Necr       0%         N/A       100%        6
 Polar Vortex             Ice            0%         N/A       100%        9

Inventory:

Hand Weapons
 a - a +0 mace (weapon) {mace}
   (You found it on level 1 of the Dungeon)
 b - a +1 shortbow {bow}
 n - a +0 club {mace}
   (You took it off a goblin on level 1 of the Dungeon)
Missiles
 e - 28 stones {throwing}
Armour
 d - a +0 scale mail (worn)
   (You found it on level 1 of the Dungeon)
 g - a +0 robe
   (You found it on level 1 of the Dungeon)
 h - a +0 leather armour
   (You found it on level 1 of the Dungeon)
 k - an orb of guile
   (You found it on level 1 of the Dungeon)
 l - a +0 leather armour
 m - a +0 ring mail
   (You found it on level 1 of the Dungeon)
 o - a +0 ring mail
   (You found it on level 1 of the Dungeon)
 z - a +0 ring mail
   (You took it off an orc on level 3 of the Dungeon)
 B - a +0 pair of gloves (worn)
   (You found it on level 3 of the Dungeon)
Magical Staves
 i - a staff of cold {!astaff}
   (You found it on level 1 of the Dungeon)
Jewellery
 p - a +4 ring of protection (left hand)
   (You found it on level 1 of the Dungeon)
 x - a +6 ring of strength (right hand)
   (You found it on level 2 of the Dungeon)
Wands
 w - a wand of charming (5)
   (You found it on level 2 of the Dungeon)
Scrolls
 f - a scroll of identify {@r1}
 j - a scroll of fog
 r - 2 scrolls of torment {unknown}
 u - a scroll of amnesia {unknown}
 v - 2 scrolls of vulnerability {unknown}
 y - a scroll of teleportation {unknown}
 A - a scroll of holy word {unknown}

Dungeon Overview and Level Annotations

Branches:
Dungeon (3/15)

Altars:
Wu Jian

Annotations:
D:3 Grinder

.# #..# ## #..## #####
##..# ....# ###..##
###.### #.....# ###...###
#.###.# #.......# #S# #.#
#.#####.# #S# #.# #.#
#.### #@# #.# #.# #...##
#5# #.# #.## ###..#####.#
#.# #..# ##.#.....# #.##
...# #...#######..#
######## ...#
#........###.###......##
.###
##.######..##.##..≈≈≈≈...
...# ##..#
##.......≈≈≈≈≈≈≈≈
†..#####..##
#.>...≈≈≈≈≈≈≈≈≈≈


You could see Grinder (inner flame), an adder (inner flame) and a ball python
(inner flame).


Message History

You kill the frilled lizard!
No target in view!
No target in view!
No target in view!
No target in view!
No target in view!
Found a stone staircase leading down.
You now have 117 gold pieces (gained 2).
You now have 121 gold pieces (gained 4).
Grinder comes into view.
Grinder shouts!
You hear an angry hiss.
A ball python comes into view.
Grinder gestures at you.
You suddenly lose the ability to move!
The ball python hisses angrily.
An adder comes into view.
Grinder gestures at you. You resist with significant effort.
The adder hisses angrily.
Grinder blinks!
You can move again.
Unknown command.
Unknown command.
Unknown command.
The ball python bites you but does no damage.
The ball python grabs you. The ball python constricts you.
It was a potion of attraction.
You feel attractive to monsters. The ball python loses its grip on you.
Grinder is attracted toward you.
It was a potion of curing.
You feel better. The adder bites you but does no damage.
It was a potion of degeneration.
There was something very wrong with that liquid.
You feel weakened.
You feel dopey.
You feel clumsy. The adder barely misses you.
Grinder blinks!
The adder bites you but does no damage.
You hit the adder. The adder bites you but does no damage.
Grinder is attracted toward you.
You hit the adder but do no damage. The adder closely misses you.
The adder barely misses you.
You closely miss the adder. The adder bites you but does no damage.
Grinder says, "Don't move a muscle."
Grinder blinks!
The adder bites you but does no damage.
You closely miss the adder. The adder closely misses you. Grinder hits you!
You writhe in agony.
The adder bites you but does no damage.
Grinder hits you but does no damage. 😮 HP[-13]
You take 13 damage, and now have 20/33 hp.
MASSIVE DAMAGE!! (PAUSE)
Okay, then.
You hit Grinder. The adder barely misses you. Grinder hits you.
You writhe in agony.
* * * LOW HITPOINT WARNING * * *
The adder barely misses you. 😨 HP[-8]
You take 8 damage, and now have 12/33 hp.
MASSIVE DAMAGE!! (PAUSE)
As you read the scroll labelled ORI BUONOOTY, it crumbles to dust.
It is a scroll of identify.
j - a scroll of fog Grinder hits you.
* * * LOW HITPOINT WARNING * * *
You writhe in agony.
* * * LOW HITPOINT WARNING * * *
The adder barely misses you. 😱 HP[-6]
You take 6 damage, and now have 6/33 hp.
As you read the scroll labelled VATOID XEDEM, it crumbles to dust.
The creatures around you are filled with an inner flame!
It was a scroll of immolation.
The adder barely misses you. Grinder closely misses you.
You feel better. The adder bites you.
* * * LOW HITPOINT WARNING * * *
You are poisoned.
The adder poisons you! Grinder closely misses you.
The adder bites you but does no damage. 😨 HP[+7]
You regained 7 hp, and now have 13/33 hp.
Unknown command.
You feel better. Grinder gestures at you.
You suddenly lose the ability to move!
The adder bites you. The adder barely misses you.
Grinder hits you but does no damage. The adder bites you but does no damage.
Grinder hits you but does no damage. The adder bites you but does no damage.
Grinder hits you!
* * * LOW HITPOINT WARNING * * *
You writhe in agony.
* * * LOW HITPOINT WARNING * * *
The adder bites you but does no damage. Grinder hits you.
* * * LOW HITPOINT WARNING * * *
You writhe in agony.
* * * LOW HITPOINT WARNING * * *
The adder barely misses you. The adder bites you.
* * * LOW HITPOINT WARNING * * *
Grinder hits you but does no damage. The adder bites you.
You die...

Skill      XL: |  1  2  3 |
---------------+----------+-----
Bows           | 4 5 |  5.2
Fighting       | |  2.0
Dodging        | |  1.7
Stealth        | |  0.8

Action                   |  1- 3 |  4- 6 || total
-------------------------+-------+-------++-------
Melee: Unarmed           |     4 |       ||     4
       Mace              |    18 |    21 ||    39
 Fire: Shortbow          |   109 |       ||   109
  Use: Potion            |       |     5 ||     5
       Scroll            |       |     2 ||     2
Armor: Leather armour    |    30 |     3 ||    33
       Scale mail        |       |    20 ||    20
Dodge: Dodged            |    44 |    20 ||    64

Levels and vault maps discovered:
D:1:      dpeg_arrival_round_a, layout_rooms, serial_forest,
          infiniplex_forest_corner_1, infiniplex_forest_straight_2,
          infiniplex_forest_end_2, infiniplex_forest_end_3,
          infiniplex_forest_lined_2, infiniplex_forest_fountain,
          infiniplex_forest_end_3, infiniplex_forest_lined_corner
D:2:      layout_basic, basic_altar, kennysheep_generic_room_16
D:3:      layout_rooms, nicolae_ecumenical_lake_church, hangedman_decor_push,
          uniq_grinder

Notes
Turn   | Place    | Note
-------+----------+-------------------------------------------
     0 | D:1      | spaghetti the Demonspawn Hunter began the quest for the
                  | Orb.
     0 | D:1      | Reached XP level 1. HP: 16/16 MP: 1/1
     0 | D:1      | magus.rc [v1.9.6]
    98 | D:1      | Reached skill level 4 in Bows
    99 | D:1      | Gained mutation: You may rarely emit foul miasma when
                  | damaged in melee. [demonic ancestry]
    99 | D:1      | Reached XP level 2. HP: 12/22 MP: 2/2
   773 | D:1      | You pick up a book of Ice and begin reading...
   773 | D:1      | You add the spells Freezing Cloud, Simulacrum and Polar
                  | Vortex to your library.
  1162 | D:2      | Reached XP level 3. HP: 27/27 MP: 3/3
  1265 | D:2      | Found an ornate altar of the Wu Jian Council.
  1473 | D:2      | Reached skill level 5 in Bows
  1856 | D:3      | Gained mutation: You are partially covered in slimy green
                  | scales. (AC +2) [demonic ancestry]
  1856 | D:3      | Reached XP level 4. HP: 30/33 MP: 4/4
  1987 | D:3      | Found a faded altar of an unknown god.
  2142 | D:3      | Noticed Grinder
  2142 | D:3      | Paralysed by Grinder for 5 turns
  2162 | D:3      | HP: 6/33 [Grinder (6)]
  2165 | D:3      | Paralysed by Grinder for 6 turns
  2169 | D:3      | HP: 7/33 [Grinder (3)]
  2170 | D:3      | HP: 1/33 [adder (3)]
  2170 | D:3      | Slain by an adder

Vanquished Creatures
  2 adders (D:2)
  2 dart slugs
  2 orcs (D:3)
  5 endoplasms
  2 giant cockroaches (D:1)
  4 goblins
  4 hobgoblins
  2 quokkas (D:3)
  9 ball pythons
  4 bats
  5 frilled lizards
  5 kobolds
  7 rats
53 creatures vanquished.

Vanquished Creatures (others)
  A plant (D:1)
1 creature vanquished.

Grand Total: 54 creatures vanquished

Table legend:
 A = Non-vault XP
 B = Vault XP
 C = Vault XP percentage of total XP
 D = Non-vault monster count
 E = Vault monster count
 F = Vault count percentage of total count
                 A         B        C        D         E       F
            +---------+---------+-------+---------+---------+-------
      Total |      99 |      10 |   9.2 |      49 |       4 |   7.5
            +---------+---------+-------+---------+---------+-------
        D:1 |      35 |       0 |   0.0 |      22 |       0 |   0.0
        D:2 |      43 |      10 |  18.9 |      14 |       4 |  22.2
        D:3 |      21 |       0 |   0.0 |      13 |       0 |   0.0
            +---------+---------+-------+---------+---------+-------

Illustrated notes

Table legend:
 A = Kills in this place as a percentage of kills in entire the game.
 B = Kills by you in this place as a percentage of kills by you in the entire game.
 C = Kills by friends in this place as a percentage of kills by friends in the entire game.
 D = Other kills in this place as a percentage of other kills in the entire game.
 E = Experience gained in this place as a percentage of experience gained in the entire game.
 F = Experience gained in this place divided by the number of levels of this place that you have seen.
                   A       B       C       D       E      F
               +-------+-------+-------+-------+-------+----------------------
         Total | 100.0 | 100.0 |   N/A |   N/A | 100.0 |  36.3
       Dungeon | 100.0 | 100.0 |   N/A |   N/A | 100.0 |  36.3
               +-------+-------+-------+-------+-------+----------------------

Table legend: (Time is in decaauts)
 A = Elapsed time spent in this place.
 B = Non-inter-level travel time spent in this place.
 C = Inter-level travel time spent in this place.
 D = Time resting spent in this place.
 E = Time spent auto-exploring this place.
 F = Levels seen in this place.
 G = Mean time per level.
                   A        B        C        D        E       F      G
               +--------+--------+--------+--------+--------+-----+--------+
         Total |   2209 |   2174 |     35 |     12 |   1792 |   3 |  736.3 |
       Dungeon |   2209 |   2174 |     35 |     12 |   1792 |   3 |  736.3 |
               +--------+--------+--------+--------+--------+-----+--------+

Top non-repeatable levels by time:
     D:1: 1165 daAuts
     D:2: 609 daAuts
     D:3: 434 daAuts
